 Dungeon Crawl Stone Soup version 0.18-a0-119-g02a7081 (webtiles) character file.

107 Duffy the Magician (level 4, 0/24 HPs)
             Began as a Deep Elf Fire Elementalist on Nov 19, 2015.
             Slain by Grinder (8 damage)
             ... on level 3 of the Dungeon.
             The game lasted 00:03:54 (2937 turns).

Duffy the Magician (Deep Elf Fire Elementalist)     Turns: 2937, Time: 00:03:55

Health: 0/24       AC:  3    Str:  5    XL:     4   Next: 57%
Magic:  5/12       EV: 13    Int: 25    God:
Gold:   112        SH:  0    Dex: 15    Spells: 3 memorised, 4 levels left

rFire  . . .     SeeInvis .     (no weapon)
rCold  + . .     Clarity  .     h - +1 robe {rC+}
rNeg   . . .     SustAt   .     (no shield)
rPois  .         Gourm    .     (no helmet)
rElec  .         Spirit   .     (no cloak)
rCorr  .         Warding  .     (no gloves)
rMut   .         Stasis   .     (no boots)
MR     .....                    (no amulet)
Stlth  ++........               (no ring)
                                i - +4 ring of intelligence

@: not resistant to hostile enchantments, unstealthy
A: no striking features
a: no special abilities


You were on level 3 of the Dungeon.
You were very hungry.

You visited 1 branch of the dungeon, and saw 3 of its levels.

You collected 112 gold pieces.


   Skills:
 - Level 2.4 Dodging
 - Level 2.4 Stealth
 - Level 4.6 Spellcasting
 + Level 3.8 Conjurations
 + Level 3.4 Fire Magic


You had 4 spell levels left.
You knew the following spells:

 Your Spells              Type           Power        Failure   Level  Hunger
a - Flame Tongue          Conj/Fire      ###..        1%          1    None
c - Conjure Flame         Conj/Fire      ###.....     8%          3    ##.....
s - Sticky Flame          Conj/Fire      ###.....     21%         4    ####...

Inventory:

Armour
 h - a +1 robe of cold resistance (worn)
Jewellery
 i - a +4 ring of intelligence (left hand)
Scrolls
 a - 2 scrolls of teleportation {unknown}
 d - 5 scrolls of identify {unknown}
 f - a scroll of remove curse {unknown}
 l - a scroll of blinking {unknown}
 m - 2 scrolls of fear {unknown}
 q - 2 scrolls of magic mapping {unknown}
 s - a scroll of enchant armour {unknown}
Potions
 e - 2 potions of curing {unknown}
 j - 2 potions of lignification {unknown}
 k - 2 potions of agility {unknown}
 p - 2 potions of mutation {unknown}
 r - a potion of berserk rage {unknown}
Books
 b - a book of Flames
Comestibles
 c - 4 bread rations
 g - 4 meat rations
 n - a slice of pizza
 o - a beef jerky

Dungeon Overview and Level Annotations

Branches:
Dungeon (3/15)

Altars:

Annotations:
D:3 Grinder


Message History

You climb upwards.
There is a stone staircase leading down here.
Magic restored.
You are feeling hungry.
You are feeling very hungry.
You climb downwards.
Level annotation: Grinder
There is a stone staircase leading up, spattered with blood here.
Cast which spell? (? or * to list)
Aiming: Sticky Flame
Press: ? - help, Shift-Dir - straight line, f - Grinder
Aim: Grinder The sticky flame hits Grinder.
Grinder is lightly wounded.
Grinder is covered in liquid flames!
Grinder burns!
Grinder closely misses you.
Cast which spell? (? or * to list)
Aiming: Flame Tongue
Press: ? - help, Shift-Dir - straight line, f/p - Grinder
Aim: Grinder (lightly wounded, covered in liquid flames)
The flame tongue misses Grinder.
Grinder burns!
Grinder closely misses you.
Cast which spell? (? or * to list)
Aiming: Flame Tongue
Press: ? - help, Shift-Dir - straight line, f/p - Grinder
Aim: Grinder (moderately wounded, covered in liquid flames)
The flame tongue hits Grinder.
Grinder is heavily wounded.
Grinder burns!
Grinder hits you!
You writhe in agony.
Cast which spell? (? or * to list)
Aiming: Flame Tongue
Press: ? - help, Shift-Dir - straight line, f/p - Grinder
Aim: Grinder (severely wounded, covered in liquid flames)
The flame tongue hits Grinder.
Grinder is almost dead.
Grinder burns!
Grinder hits you!
You die...

......##..........#
......######'######
......####...#
.......(.....#
####+####....#
.##....##....#######
.##....##..........#
..#....##....#####.######
#(#....#########@#......##
..(............#5#.###...#
#.(#.########.......#....#
##.#.# #.8...8...8..#
#...# ......#...#....#
#)..# .......###.###.#.#
#...# #........#...#....#
#.#.# #......8...8...8..#
#.#.# #........#...#....#


You could see Grinder (burning).

Action                   |  1- 3 |  4- 6 || total
-------------------------+-------+-------++-------
 Cast: Flame Tongue      |    77 |    41 ||   118
       Sticky Flame      |       |     2 ||     2
  Eat: Chunk             |     2 |     3 ||     5

Notes
Turn   | Place    | Note
--------------------------------------------------------------
     0 | D:1      | Duffy the Deep Elf Fire Elementalist began the quest for the Orb.
     0 | D:1      | Reached XP level 1. HP: 10/10 MP: 6/6
   251 | D:1      | Reached XP level 2. HP: 15/15 MP: 4/8
   641 | D:1      | Reached skill level 2 in Conjurations
  1036 | D:2      | Reached skill level 4 in Spellcasting
  1230 | D:2      | Reached XP level 3. HP: 19/19 MP: 8/10
  1548 | D:2      | Reached skill level 3 in Conjurations
  1763 | D:2      | Reached XP level 4. HP: 24/24 MP: 7/12
  1989 | D:2      | Learned a level 3 spell: Conjure Flame
  1994 | D:2      | Learned a level 4 spell: Sticky Flame
  2356 | D:3      | Noticed Grinder
  2644 | D:3      | Paralysed by Grinder for 7 turns
  2937 | D:3      | Slain by Grinder

Vault maps used:
D:1:      tarquinn_simple_flora_water_d
D:2:      minmay_door_path, minivault_5, grunt_decor_fettered
D:3:      lemuel_round_altar, first_bread, ecumenical_altar_1,
          minmay_misc_feat_encased, minmay_misc_feat_four_crosses,
          lemuel_angel_altar, uniq_natasha, uniq_grinder

Vanquished Creatures
  3 adders
  An ooze
  4 worms
  4 giant geckos
  An orc
  9 bats
  5 giant cockroaches
  4 goblins
  7 hobgoblins
  9 jackals
  2 giant newts
  8 kobolds
  6 rats
63 creatures vanquished.
